AoeStats
← oO[ToTti]Oo

Arabia

508293994Analyzed
2v2 RM · 11d ago on Sep 21, 2026· 30m 21s· 4 players
Game mode
Random Map
Map size
Medium (4 player)
Population
200
Speed
Normal
Resources
Standard
Victory
Conquest
Starting age
Dark Age
Ending age
Imperial Age
RankedLock teamsTeams togetherTeam positionsShared explorationLock speedFull tech treeHidden civsTurbo modeCheats
Victory
Defeat
🇩🇪 Vietnamese · Germany
1198
+16
🇩🇪 Khitans · Germany
1194
+16
🇪🇸 Burmese · Spain
1341
-22
🇪🇸 Bengalis · Spain
1043
-10
[MF]
6:48 Loom
9:29 Feudal Age
13:58 Horse Collar
14:31 Scale Barding Armor
17:50 Forging
18:32 Town Watch
19:12 Bloodlines
21:49 Wheelbarrow
27:09 Castle Age
27:29 Castle Age
28:43 Husbandry
28:11 Light Cavalry
29:23 Chain Barding Armor
oO[ToTti]Oo
10:52 Feudal Age
12:05 Double-Bit Axe
13:57 Wheelbarrow
19:02 Castle Age
19:50 Forging
20:01 Bow Saw
21:38 Hand Cart
23:24 Loom
23:25 Crossbowman
ThomasTheTrain
8:49 Loom
10:54 Feudal Age
13:54 Double-Bit Axe
14:21 Horse Collar
18:33 Fletching
19:58 Padded Archer Armor
24:19 Castle Age
24:23 Crossbowman
25:00 Bodkin Arrow
26:30 Leather Archer Armor
27:17 Ballistics
Ochsenreiter
7:55 Loom
11:19 Feudal Age
12:37 Double-Bit Axe
12:34 Domestication
17:24 Wheelbarrow
20:38 Castle Age
19:16 Forging
19:14 Scale Barding Armor
21:25 Gold Mining
24:34 Bow Saw
29:35 Iron Casting
30:09 Chain Barding Armor
29:53 Husbandry
Connection lost

Rejoining the realm…

Still unreachable

The connection could not be restored.

Session expired

The server has moved on; the page needs a fresh start.